Coyotes vs Avalanche
Created - April 27, 2018 at 19:36
Goals
|
Coyotes |
2 |
3 |
0 |
5 |
Avalanche |
2 |
0 |
0 |
2 |
|
Shots
|
Coyotes |
17 |
14 |
7 |
38 |
Avalanche |
14 |
9 |
7 |
30 |
|
1st period
1. Coyotes , Nazem Kadri 29 (Tyler Ennis 40) at 3:36
2. Avalanche , Andrei Kostitsyn 36 (Jay Bouwmeester 29, Ryan Smyth 13) at 9:11
3. Coyotes , Brad Richards 34 (Marian Gaborik 62) at 9:17
4. Avalanche , Chris Drury 16 (Ryan Smyth 14, Jack Johnson 44) at 16:17
Penalties :
Dan Boyle (Col) for Hooking (Minor) at 14:12, Brandon Yip (Col) for Interference (Minor) at 18:28
2nd period
5. Coyotes , Nazem Kadri 30 (Matt Niskanen 6, Tyler Ennis 41) at 6:57
6. Coyotes , Tyler Ennis 32 (Nazem Kadri 30) at 8:47
7. Coyotes , Martin Samuelsson 15 (Chris Stewart 15, Maxim Talbot 15) at 12:13
Penalties :
Zach Parise (Ari) for High sticking (Minor) at 2:34, Anton Stralman (Ari) for Cross-checking (Minor) at 9:34, Brad Richards (Ari) for High sticking (Minor) at 15:42, Kyle Turris (Col) for Hooking (Minor) at 19:22
3rd period
No Goal
Penalties :
Marian Gaborik (Ari) for Holding (Minor) at 3:55, Jay Bouwmeester (Col) for Roughing (Minor) at 11:06
Goalie Stats
Maxime Daigneault (Ari), 28 saves from 30 shots - (0.933), W, 15-4-2, 60:00 minutes
Semyon Varlamov (Col), 33 saves from 38 shots - (0.868), L, 44-22-5, 60:00 minutes
Players Stats for Coyotes
Player Name G A P +/- PIM S H SB GA TA FO MP PP MP PK MP
------------------------------------------------------------------------------------
Anton Stralman 0 0 0 1 2 1 0 4 1 2 0/0 25:31 4:49 2:54
Brad Richards 1 0 1 1 2 4 3 2 0 0 21/36 22:12 4:33 3:16
Brooks Laich 0 0 0 0 0 2 0 0 0 0 3/3 6:05 0:00 0:10
Chris Stewart 0 1 1 -1 0 3 1 0 0 0 0/0 9:58 0:12 0:00
Enver Lisin 0 0 0 -1 0 0 0 0 0 0 0/0 7:54 0:12 0:00
Greg Zanon 0 0 0 0 0 0 1 1 1 0 0/0 14:34 0:00 4:27
Jarome Iginla 0 0 0 3 0 1 2 0 0 0 1/2 19:12 3:11 1:53
Josh Gorges 0 0 0 0 0 1 0 0 0 0 0/0 21:50 3:07 4:27
Kristopher Letang 0 0 0 3 0 0 3 0 0 1 0/0 28:02 4:49 3:29
Marian Gaborik 0 1 1 1 2 3 2 2 1 0 0/2 19:00 4:33 0:00
Mark Bell 0 0 0 0 0 1 2 1 0 0 0/0 8:13 0:00 1:40
Martin Samuelsson 1 0 1 0 0 2 1 0 0 0 1/2 9:48 0:00 2:14
Matt Niskanen 0 1 1 1 0 1 0 1 0 0 0/0 11:23 0:00 0:35
Maxim Talbot 0 1 1 -1 0 3 3 1 0 0 5/6 11:32 0:12 1:43
Michael Del Zotto 0 0 0 1 0 1 1 1 0 0 0/0 19:27 3:07 0:00
Nazem Kadri 2 1 3 3 0 5 1 0 0 1 5/14 18:23 3:11 1:34
Tyler Ennis 1 2 3 3 0 6 3 0 1 0 0/0 16:41 3:11 0:00
Zach Parise 0 0 0 1 2 4 1 1 2 1 1/3 22:15 4:33 3:22
Players Stats for Avalanche
Player Name G A P +/- PIM S H SB GA TA FO MP PP MP PK MP
------------------------------------------------------------------------------------
Alexander Radulov 0 0 0 -3 0 1 0 0 0 0 0/1 13:45 3:38 1:04
Andrei Kostitsyn 1 0 1 1 0 6 1 0 1 0 0/1 17:41 3:38 1:12
Andrew Ladd 0 0 0 -3 0 3 2 0 0 1 5/9 15:47 0:13 4:45
Brandon Yip 0 0 0 1 2 1 0 0 0 0 2/2 13:51 0:04 0:00
Bryan Little 0 0 0 -1 0 2 1 0 1 0 9/24 16:04 4:11 0:00
Chris Drury 1 0 1 -2 0 3 3 0 0 0 4/7 13:17 0:00 2:13
Chuck Kobasew 0 0 0 -1 0 1 0 2 0 0 0/1 12:27 0:00 4:45
Corey Perry 0 0 0 -1 0 0 1 0 0 0 2/2 15:58 4:08 0:00
Dan Boyle 0 0 0 -1 2 0 4 1 1 2 0/0 19:17 4:25 0:06
Jack Johnson 0 1 1 -1 0 2 3 0 0 1 0/0 20:49 3:31 2:40
Jay Bouwmeester 0 1 1 0 2 2 1 1 0 0 0/0 20:07 4:25 0:00
Johnny Boychuk 0 0 0 -1 0 1 0 1 0 0 0/0 16:29 0:00 2:40
Kyle Turris 0 0 0 -1 2 0 1 0 0 0 3/4 7:25 0:00 0:00
Marc Staal 0 0 0 -2 0 0 1 0 0 0 0/0 20:31 0:00 5:10
Mikkel Boedker 0 0 0 -1 0 3 0 0 2 0 0/1 16:13 4:14 0:00
Paul Stastny 0 0 0 1 0 2 1 1 0 0 6/16 16:07 3:38 0:00
Pernell Karl Subban 0 0 0 0 0 1 2 0 0 2 0/0 24:56 3:31 5:10
Ryan Smyth 0 2 2 0 0 2 1 0 0 0 0/0 11:16 0:04 1:59
3 Stars
1 - Nazem Kadri (Ari)
2 - Tyler Ennis (Ari)
3 - Brad Richards (Ari)
Power Play
Coyotes - 0 on 4 Attempt(s) - 0.00%
Avalanche - 0 on 4 Attempt(s) - 0.00%
Penalty Kill
Coyotes - 4 on 4 Attempt(s) - 100.00%
- Score 0 goal in Penalty Kill
Avalanche - 4 on 4 Attempt(s) - 100.00%
- Score 0 goal in Penalty Kill
Team Stat
Coyotes - Hits : 24 - Faceoff Wins : 37 - Blocked Shots : 14 - Penalty Minutes : 8
Avalanche - Hits : 22 - Faceoff Wins : 31 - Blocked Shots : 6 - Penalty Minutes : 8
Official
Referees : Walkom Stephen and L'Ecuyer Frederick
Linesman : Scott Driscoll and Steve Miller
Game Notes
No Game Note
Finance
Level 1 -- Attendance: 6000 (100.00%) -- Ticket Income $534,000
Level 2 -- Attendance: 4924 (98.48%) -- Ticket Income $270,820
Level 3 -- Attendance: 2000 (100.00%) -- Ticket Income $66,000
Level 4 -- Attendance: 4000 (100.00%) -- Ticket Income $92,000
Luxury Box -- Attendance: 861 (86.10%) -- Ticket Income $148,092
Game was played at the Pepsi Center.
Total Attendance: 17785 (98.81%)
Total Ticket Income: $1,110,912
Other Income: $166,637
Total Income: $1,277,549
Coyotes
5 vs 5 Forward
Center Left Wing Right Wing Time % Phy DF OF
1 Brad Richards Zach Parise Marian Gaborik 40 0 2 3
2 Nazem Kadri Tyler Ennis Jarome Iginla 35 0 2 3
3 Maxim Talbot Martin Samuelsson Chris Stewart 15 0 3 2
4 Brooks Laich Mark Bell Enver Lisin 10 1 2 2
5 vs 5 Defense
Defense Defense Time % Phy DF OF
1 Kristopher Letang Anton Stralman 40 0 3 2
2 Josh Gorges Michael Del Zotto 30 0 3 2
3 Greg Zanon Matt Niskanen 20 0 3 2
4 Kristopher Letang Michael Del Zotto 10 0 2 3
PowerPlay Forward
Center Left Wing Right Wing Time % Phy DF OF
1 Brad Richards Zach Parise Marian Gaborik 60 0 1 4
2 Nazem Kadri Tyler Ennis Jarome Iginla 40 0 1 4
PowerPlay Defense
Defense Defense Time % Phy DF OF
1 Kristopher Letang Anton Stralman 60 0 2 3
2 Michael Del Zotto Josh Gorges 40 0 2 3
Penalty Kill 4 Players Forward
Center Wing Time % Phy DF OF
1 Brad Richards Zach Parise 60 1 3 1
2 Maxim Talbot Martin Samuelsson 40 1 3 1
Penalty Kill 4 Players Defense
Defense Defense Time % Phy DF OF
1 Greg Zanon Josh Gorges 60 1 4 0
2 Anton Stralman Kristopher Letang 40 1 4 0
Penalty Kill - 3 Players Forward
Forward Time % Phy DF OF
1 Tyler Ennis 60 0 2 3
2 Jarome Iginla 40 0 2 3
Penalty Kill - 3 Players Defense
Defense Defense Time % Phy DF OF
1 Greg Zanon Josh Gorges 60 0 3 2
2 Kristopher Letang Anton Stralman 40 0 3 2
4 vs 4 Forward
Center Wing Time % Phy DF OF
1 Brad Richards Marian Gaborik 60 0 2 3
2 Nazem Kadri Jarome Iginla 40 0 2 3
4 vs 4 Defense
Defense Defense Time % Phy DF OF
1 Kristopher Letang Anton Stralman 60 0 3 2
2 Josh Gorges Michael Del Zotto 40 0 3 2
Last Minutes Offensive
Center Left Wing Right Wing Defense Defense
Brad Richards Tyler Ennis Jarome Iginla Kristopher Letang Anton Stralman
Last Minutes Defensive
Center Left Wing Right Wing Defense Defense
Brad Richards Zach Parise Jarome Iginla Greg Zanon Anton Stralman
Goaltenders
Starting : Maxime Daigneault
Backup : Cam Ward
Extra Forwards
Normal : Chris Stewart, Mark Bell, Maxim Talbot - PP : Chris Stewart, Maxim Talbot - PK : Jarome Iginla
Extra Defensemen
Normal : Michael Del Zotto, Greg Zanon, Matt Niskanen - PP : Matt Niskanen - PK : Matt Niskanen, Michael Del Zotto
Penalty Shots
Tyler Ennis, Marian Gaborik, Brad Richards, Zach Parise, Jarome Iginla
Scratches
None
Avalanche
5 vs 5 Forward
Center Left Wing Right Wing Time % Phy DF OF
1 Bryan Little Mikkel Boedker Corey Perry 30 0 2 2
2 Paul Stastny Andrei Kostitsyn Brandon Yip 30 1 2 2
3 Chris Drury Andrew Ladd Alexander Radulov 25 1 2 2
4 Kyle Turris Ryan Smyth Chuck Kobasew 15 1 2 2
5 vs 5 Defense
Defense Defense Time % Phy DF OF
1 Jack Johnson Marc Staal 35 1 2 2
2 Pernell Karl Subban Jay Bouwmeester 35 1 2 2
3 Dan Boyle Johnny Boychuk 30 1 2 2
4 Jack Johnson Marc Staal 0 1 2 2
PowerPlay Forward
Center Left Wing Right Wing Time % Phy DF OF
1 Bryan Little Mikkel Boedker Corey Perry 60 1 2 2
2 Paul Stastny Andrei Kostitsyn Alexander Radulov 40 1 2 2
PowerPlay Defense
Defense Defense Time % Phy DF OF
1 Dan Boyle Jay Bouwmeester 60 1 2 2
2 Pernell Karl Subban Jack Johnson 40 1 2 2
Penalty Kill 4 Players Forward
Center Wing Time % Phy DF OF
1 Andrew Ladd Chuck Kobasew 60 1 2 2
2 Chris Drury Ryan Smyth 40 1 2 2
Penalty Kill 4 Players Defense
Defense Defense Time % Phy DF OF
1 Pernell Karl Subban Marc Staal 60 1 2 2
2 Jack Johnson Johnny Boychuk 40 1 2 2
Penalty Kill - 3 Players Forward
Forward Time % Phy DF OF
1 Chuck Kobasew 60 1 2 2
2 Ryan Smyth 40 1 2 2
Penalty Kill - 3 Players Defense
Defense Defense Time % Phy DF OF
1 Jack Johnson Marc Staal 60 1 2 2
2 Pernell Karl Subban Johnny Boychuk 40 1 2 2
4 vs 4 Forward
Center Wing Time % Phy DF OF
1 Bryan Little Corey Perry 60 1 2 2
2 Mikkel Boedker Andrei Kostitsyn 40 1 2 2
4 vs 4 Defense
Defense Defense Time % Phy DF OF
1 Jack Johnson Marc Staal 60 1 2 2
2 Pernell Karl Subban Jay Bouwmeester 40 1 2 2
Last Minutes Offensive
Center Left Wing Right Wing Defense Defense
Bryan Little Mikkel Boedker Corey Perry Jack Johnson Dan Boyle
Last Minutes Defensive
Center Left Wing Right Wing Defense Defense
Chris Drury Andrew Ladd Chuck Kobasew Jack Johnson Marc Staal
Goaltenders
Starting : Semyon Varlamov
Backup : Hannu Toivonen
Extra Forwards
Normal : Andrei Kostitsyn, Andrew Ladd, Alexander Radulov - PP : Paul Stastny, Andrew Ladd - PK : Alexander Radulov
Extra Defensemen
Normal : Dan Boyle, Johnny Boychuk, Pernell Karl Subban - PP : Dan Boyle - PK : Johnny Boychuk, Pernell Karl Subban
Penalty Shots
Bryan Little, Corey Perry, Mikkel Boedker, Andrei Kostitsyn, Paul Stastny
Scratches
Mike Comrie (Right Hip Injury)
% Time on Ice - Coyotes
Lines # - Real PCT - Wanted PCT - Time Play
Normal Forward
1 - 39% - 40% - 17:19
2 - 31% - 35% - 13:30
3 - 17% - 15% - 7:29
4 - 13% - 10% - 5:50
Normal Defense
1 - 38% - 40% - 16:54
2 - 34% - 30% - 14:50
3 - 23% - 20% - 10:08
4 - 5% - 10% - 2:16
PP Forward
1 - 60% - 60% - 4:45
2 - 40% - 40% - 3:11
PP Defense
1 - 61% - 60% - 4:49
2 - 39% - 40% - 3:07
PK Forward
1 - 78% - 60% - 6:13
2 - 22% - 40% - 1:43
PK Defense
1 - 56% - 60% - 4:27
2 - 44% - 40% - 3:29
PK3 Forward
1 - 0% - 60%
2 - 0% - 40%
PK3 Defense
1 - 0% - 60%
2 - 0% - 40%
44 Forward
1 - 0% - 60%
2 - 0% - 40%
44 Defense
1 - 0% - 60%
2 - 0% - 40%
Last Minute Offensive - 0:00
Last Minute Defensive - 0:00
Total
Forward - 60:00
Defense - 60:00
|
% Time on Ice - Avalanche
Lines # - Real PCT - Wanted PCT - Time Play
Normal Forward
1 - 35% - 30% - 15:33
2 - 29% - 30% - 12:35
3 - 20% - 25% - 8:53
4 - 16% - 15% - 7:07
Normal Defense
1 - 37% - 35% - 16:14
2 - 32% - 35% - 13:55
3 - 32% - 30% - 13:59
4 - 0% - 0% - 0:00
PP Forward
1 - 54% - 60% - 4:18
2 - 46% - 40% - 3:38
PP Defense
1 - 56% - 60% - 4:25
2 - 44% - 40% - 3:31
PK Forward
1 - 76% - 60% - 6:00
2 - 24% - 40% - 1:56
PK Defense
1 - 65% - 60% - 5:10
2 - 35% - 40% - 2:46
PK3 Forward
1 - 0% - 60%
2 - 0% - 40%
PK3 Defense
1 - 0% - 60%
2 - 0% - 40%
44 Forward
1 - 0% - 60%
2 - 0% - 40%
44 Defense
1 - 0% - 60%
2 - 0% - 40%
Last Minute Offensive - 0:00
Last Minute Defensive - 0:00
Total
Forward - 60:00
Defense - 60:00
|
Play by Play
1st period
0:01 of 1st period - Brad Richards wins face-off versus Bryan Little in neutral zone.
0:19 of 1st period - Jack Johnson is hit by Brad Richards and loses puck.
0:52 of 1st period - Pernell Karl Subban is hit by Martin Samuelsson.
1:20 of 1st period - Snap shot by Alexander Radulov.
1:20 of 1st period - Shot Blocked by Mark Bell.
1:22 of 1st period - Slapshot by Chuck Kobasew.
1:22 of 1st period - Shot Blocked by Greg Zanon.
1:33 of 1st period - Icing by Greg Zanon.
1:34 of 1st period - Brooks Laich wins face-off versus Bryan Little in Coyotes zone.
1:54 of 1st period - Icing by Greg Zanon.
1:55 of 1st period - Brandon Yip wins face-off versus Nazem Kadri in Coyotes zone.
2:08 of 1st period - Snap shot by Andrei Kostitsyn.
2:08 of 1st period - Deflect By Brandon Yip.
2:08 of 1st period - Shot Blocked by Matt Niskanen.
2:08 of 1st period - Puck is out of play.
2:09 of 1st period - Andrew Ladd wins face-off versus Marian Gaborik in Coyotes zone.
2:10 of 1st period - Snap shot by Chris Drury.
2:10 of 1st period - Shot Misses the Net.
2:18 of 1st period - Wrist shot by Alexander Radulov.
2:18 of 1st period - Stopped by Maxime Daigneault without a rebound.
2:19 of 1st period - Chris Drury wins face-off versus Zach Parise in Coyotes zone.
2:36 of 1st period - Snap shot by Alexander Radulov.
2:36 of 1st period - Shot Blocked by Anton Stralman.
2:38 of 1st period - Wrist shot by Jay Bouwmeester.
2:38 of 1st period - Shot Blocked by Anton Stralman.
2:44 of 1st period - Snap shot by Andrew Ladd.
2:44 of 1st period - Stopped by Maxime Daigneault with a rebound.
2:58 of 1st period - Snap shot by Chris Drury.
2:58 of 1st period - Stopped by Maxime Daigneault with a rebound.
3:00 of 1st period - Slapshot by Jay Bouwmeester.
3:00 of 1st period - Shot Blocked by Anton Stralman.
3:02 of 1st period - Snap shot by Chris Drury.
3:02 of 1st period - Deflect By Alexander Radulov.
3:02 of 1st period - Shot Blocked by Brad Richards.
3:02 of 1st period - Puck is out of play.
3:03 of 1st period - Maxim Talbot wins face-off versus Paul Stastny in Coyotes zone.
3:14 of 1st period - Snap shot by Maxim Talbot.
3:14 of 1st period - Shot Misses the Net.
3:16 of 1st period - Wrist shot by Maxim Talbot.
3:16 of 1st period - Shot Misses the Net.
3:18 of 1st period - Wrist shot by Chris Stewart.
3:18 of 1st period - Stopped by Semyon Varlamov with a rebound.
3:28 of 1st period - Jack Johnson is hit by Nazem Kadri.
3:36 of 1st period - Wrist shot by Nazem Kadri.
3:36 of 1st period - Goal by Nazem Kadri - Coyotes : 1 - Avalanche : 0.
3:37 of 1st period - Brad Richards wins face-off versus Bryan Little in neutral zone.
3:39 of 1st period - Off-side.
3:40 of 1st period - Bryan Little wins face-off versus Brad Richards in neutral zone.
3:53 of 1st period - Wrist shot by Mikkel Boedker.
3:53 of 1st period - Stopped by Maxime Daigneault without a rebound.
3:54 of 1st period - Paul Stastny wins face-off versus Nazem Kadri in Coyotes zone.
3:55 of 1st period - Snap shot by Andrei Kostitsyn.
3:55 of 1st period - Shot Blocked by Anton Stralman.
4:10 of 1st period - Snap shot by Andrei Kostitsyn.
4:10 of 1st period - Stopped by Maxime Daigneault without a rebound.
4:11 of 1st period - Bryan Little wins face-off versus Brad Richards in Coyotes zone.
4:40 of 1st period - Icing by Jarome Iginla.
4:41 of 1st period - Nazem Kadri wins face-off versus Paul Stastny in Coyotes zone.
5:08 of 1st period - Snap shot by Tyler Ennis.
5:08 of 1st period - Shot Hit the Post.
5:16 of 1st period - Snap shot by Andrei Kostitsyn.
5:16 of 1st period - Stopped by Maxime Daigneault with a rebound.
5:51 of 1st period - Icing by Jarome Iginla.
5:52 of 1st period - Kyle Turris wins face-off versus Nazem Kadri in Coyotes zone.
6:21 of 1st period - Snap shot by Tyler Ennis.
6:21 of 1st period - Deflect By Jarome Iginla.
6:21 of 1st period - Shot Blocked by Chuck Kobasew.
6:21 of 1st period - Puck is out of play.
6:22 of 1st period - Brad Richards wins face-off versus Mikkel Boedker in Avalanche zone.
6:33 of 1st period - Slapshot by Zach Parise.
6:33 of 1st period - Stopped by Semyon Varlamov without a rebound.
6:34 of 1st period - Chris Drury wins face-off versus Brad Richards in Avalanche zone.
7:01 of 1st period - Kristopher Letang is hit by Bryan Little and loses puck.
7:27 of 1st period - Pernell Karl Subban is hit by Mark Bell.
8:23 of 1st period - Snap shot by Bryan Little.
8:23 of 1st period - Stopped by Maxime Daigneault with a rebound.
9:11 of 1st period - Snap shot by Andrei Kostitsyn.
9:11 of 1st period - Goal by Andrei Kostitsyn - Coyotes : 1 - Avalanche : 1.
9:12 of 1st period - Brad Richards wins face-off versus Bryan Little in neutral zone.
9:17 of 1st period - Wrist shot by Brad Richards.
9:17 of 1st period - Goal by Brad Richards - Coyotes : 2 - Avalanche : 1.
9:18 of 1st period - Chris Drury wins face-off versus Brad Richards in neutral zone.
9:33 of 1st period - Snap shot by Zach Parise.
9:33 of 1st period - Shot Misses the Net.
9:35 of 1st period - Snap shot by Anton Stralman.
9:35 of 1st period - Stopped by Semyon Varlamov without a rebound.
9:36 of 1st period - Maxim Talbot wins face-off versus Bryan Little in Avalanche zone.
9:49 of 1st period - Slapshot by Maxim Talbot.
9:49 of 1st period - Deflect By Chris Stewart.
9:49 of 1st period - Stopped by Semyon Varlamov with a rebound.
10:28 of 1st period - Paul Stastny is hit by Jarome Iginla and loses puck.
10:34 of 1st period - Off-side.
10:35 of 1st period - Brooks Laich wins face-off versus Bryan Little in neutral zone.
10:38 of 1st period - Pernell Karl Subban is hit by Mark Bell and loses puck.
11:22 of 1st period - Snap shot by Andrei Kostitsyn.
11:22 of 1st period - Shot Misses the Net.
11:32 of 1st period - Wrist shot by Nazem Kadri.
11:32 of 1st period - Stopped by Semyon Varlamov with a rebound.
11:50 of 1st period - Slapshot by Jack Johnson.
11:50 of 1st period - Stopped by Maxime Daigneault with a rebound.
11:52 of 1st period - Slapshot by Jack Johnson.
11:52 of 1st period - Shot Blocked by Michael Del Zotto.
12:22 of 1st period - Mark Bell is hit by Chris Drury and loses puck.
12:53 of 1st period - Wrist shot by Zach Parise.
12:53 of 1st period - Stopped by Semyon Varlamov with a rebound.
12:57 of 1st period - Wrist shot by Brad Richards.
12:57 of 1st period - Stopped by Semyon Varlamov without a rebound.
12:58 of 1st period - Nazem Kadri wins face-off versus Bryan Little in Avalanche zone.
13:05 of 1st period - Snap shot by Tyler Ennis.
13:05 of 1st period - Stopped by Semyon Varlamov without a rebound.
13:06 of 1st period - Nazem Kadri wins face-off versus Bryan Little in Avalanche zone.
13:13 of 1st period - Wrist shot by Tyler Ennis.
13:13 of 1st period - Stopped by Semyon Varlamov with a rebound.
13:33 of 1st period - Snap shot by Nazem Kadri.
13:33 of 1st period - Stopped by Semyon Varlamov with a rebound.
13:35 of 1st period - Wrist shot by Tyler Ennis.
13:35 of 1st period - Stopped by Semyon Varlamov with a rebound.
13:47 of 1st period - Snap shot by Jarome Iginla.
13:47 of 1st period - Stopped by Semyon Varlamov with a rebound.
13:49 of 1st period - Wrist shot by Tyler Ennis.
13:49 of 1st period - Stopped by Semyon Varlamov with a rebound.
13:51 of 1st period - Slapshot by Kristopher Letang.
13:51 of 1st period - Shot Misses the Net.
13:53 of 1st period - Slapshot by Kristopher Letang.
13:53 of 1st period - Shot Misses the Net.
13:55 of 1st period - Snap shot by Anton Stralman.
13:55 of 1st period - Deflect By Jarome Iginla.
13:55 of 1st period - Shot Misses the Net.
13:55 of 1st period - Puck is out of play.
13:56 of 1st period - Zach Parise wins face-off versus Andrei Kostitsyn in Avalanche zone.
13:59 of 1st period - Snap shot by Brad Richards.
13:59 of 1st period - Shot Misses the Net.
14:01 of 1st period - Slapshot by Zach Parise.
14:01 of 1st period - Stopped by Semyon Varlamov with a rebound.
14:03 of 1st period - Wrist shot by Brad Richards.
14:03 of 1st period - Shot Misses the Net.
14:05 of 1st period - Slapshot by Brad Richards.
14:05 of 1st period - Shot Blocked by Paul Stastny.
14:12 of 1st period - Minor Penalty to Dan Boyle for Hooking.
14:13 of 1st period - Brad Richards wins face-off versus Andrew Ladd in Avalanche zone.
16:12 of 1st period - Penalty to Dan Boyle is over, Dan Boyle is back on ice.
16:17 of 1st period - Snap shot by Chris Drury.
16:17 of 1st period - Deflect By Michael Del Zotto.
16:17 of 1st period - Goal by Chris Drury - Coyotes : 2 - Avalanche : 2.
16:18 of 1st period - Maxim Talbot wins face-off versus Chris Drury in neutral zone.
16:25 of 1st period - Slapshot by Johnny Boychuk.
16:25 of 1st period - Deflect By Chris Drury.
16:25 of 1st period - Shot Blocked by Maxim Talbot.
16:25 of 1st period - Puck is out of play.
16:26 of 1st period - Maxim Talbot wins face-off versus Chris Drury in Coyotes zone.
16:55 of 1st period - Bryan Little is hit by Kristopher Letang and loses puck.
17:34 of 1st period - Brad Richards is hit by Andrew Ladd and loses puck.
18:00 of 1st period - Slapshot by Jack Johnson.
18:00 of 1st period - Stopped by Maxime Daigneault with a rebound.
18:02 of 1st period - Backhand shot by Ryan Smyth.
18:02 of 1st period - Stopped by Maxime Daigneault with a rebound.
18:04 of 1st period - Slapshot by Pernell Karl Subban.
18:04 of 1st period - Deflect By Ryan Smyth.
18:04 of 1st period - Stopped by Maxime Daigneault without a rebound.
18:05 of 1st period - Paul Stastny wins face-off versus Nazem Kadri in Coyotes zone.
18:18 of 1st period - Slapshot by Jarome Iginla.
18:18 of 1st period - Shot Misses the Net.
18:28 of 1st period - Minor Penalty to Brandon Yip for Interference.
18:29 of 1st period - Andrew Ladd wins face-off versus Brad Richards in Avalanche zone.
18:42 of 1st period - Wrist shot by Andrew Ladd.
18:42 of 1st period - Shot Blocked by Marian Gaborik.
18:44 of 1st period - Slapshot by Marc Staal.
18:44 of 1st period - Deflect By Andrew Ladd.
18:44 of 1st period - Shot Misses the Net.
18:44 of 1st period - Puck is out of play.
18:45 of 1st period - Andrew Ladd wins face-off versus Brad Richards in Coyotes zone.
18:48 of 1st period - Snap shot by Chuck Kobasew.
18:48 of 1st period - Stopped by Maxime Daigneault with a rebound.
18:56 of 1st period - Snap shot by Marian Gaborik.
18:56 of 1st period - Stopped by Semyon Varlamov without a rebound.
18:57 of 1st period - Brad Richards wins face-off versus Andrew Ladd in Avalanche zone.
Goals for this period are 2 for Coyotes vs 2 for Avalanche.
Shots for this period are 17 for Coyotes vs 14 for Avalanche.
2nd period
0:01 of 2nd period - Brad Richards wins face-off versus Andrew Ladd in neutral zone.
0:28 of 2nd period - Penalty to Brandon Yip is over, Brandon Yip is back on ice.
0:32 of 2nd period - Snap shot by Tyler Ennis.
0:32 of 2nd period - Shot Misses the Net.
0:34 of 2nd period - Wrist shot by Nazem Kadri.
0:34 of 2nd period - Shot Blocked by Chuck Kobasew.
1:20 of 2nd period - Slapshot by Mikkel Boedker.
1:20 of 2nd period - Stopped by Maxime Daigneault with a rebound.
1:32 of 2nd period - Michael Del Zotto is hit by Paul Stastny and loses puck.
2:05 of 2nd period - Snap shot by Brooks Laich.
2:05 of 2nd period - Stopped by Semyon Varlamov without a rebound.
2:06 of 2nd period - Brooks Laich wins face-off versus Chris Drury in Avalanche zone.
2:34 of 2nd period - Minor Penalty to Zach Parise for High sticking.
2:35 of 2nd period - Bryan Little wins face-off versus Brad Richards in Coyotes zone.
3:02 of 2nd period - Anton Stralman is hit by Pernell Karl Subban and loses puck.
3:39 of 2nd period - Nazem Kadri is hit by Corey Perry and loses puck.
4:04 of 2nd period - Kristopher Letang is hit by Andrei Kostitsyn.
4:34 of 2nd period - Penalty to Zach Parise is over, Zach Parise is back on ice.
4:38 of 2nd period - Snap shot by Andrew Ladd.
4:38 of 2nd period - Deflect By Brandon Yip.
4:38 of 2nd period - Stopped by Maxime Daigneault without a rebound.
4:39 of 2nd period - Brad Richards wins face-off versus Andrew Ladd in Coyotes zone.
5:06 of 2nd period - Wrist shot by Maxim Talbot.
5:06 of 2nd period - Stopped by Semyon Varlamov with a rebound.
5:08 of 2nd period - Slapshot by Josh Gorges.
5:08 of 2nd period - Stopped by Semyon Varlamov without a rebound.
5:09 of 2nd period - Bryan Little wins face-off versus Nazem Kadri in Avalanche zone.
5:16 of 2nd period - Snap shot by Mikkel Boedker.
5:16 of 2nd period - Stopped by Maxime Daigneault without a rebound.
5:17 of 2nd period - Bryan Little wins face-off versus Nazem Kadri in Coyotes zone.
5:26 of 2nd period - Snap shot by Bryan Little.
5:26 of 2nd period - Stopped by Maxime Daigneault without a rebound.
5:27 of 2nd period - Brad Richards wins face-off versus Paul Stastny in Coyotes zone.
5:58 of 2nd period - Snap shot by Alexander Radulov.
5:58 of 2nd period - Shot Misses the Net.
6:00 of 2nd period - Slapshot by Jay Bouwmeester.
6:00 of 2nd period - Stopped by Maxime Daigneault with a rebound.
6:02 of 2nd period - Slapshot by Pernell Karl Subban.
6:02 of 2nd period - Stopped by Maxime Daigneault with a rebound.
6:04 of 2nd period - Wrist shot by Andrew Ladd.
6:04 of 2nd period - Deflect By Tyler Ennis.
6:04 of 2nd period - Stopped by Maxime Daigneault with a rebound.
6:06 of 2nd period - Snap shot by Andrew Ladd.
6:06 of 2nd period - Deflect By Alexander Radulov.
6:06 of 2nd period - Shot Misses the Net.
6:06 of 2nd period - Puck is out of play.
6:07 of 2nd period - Maxim Talbot wins face-off versus Kyle Turris in Coyotes zone.
6:53 of 2nd period - Snap shot by Tyler Ennis.
6:53 of 2nd period - Shot Blocked by Johnny Boychuk.
6:55 of 2nd period - Slapshot by Matt Niskanen.
6:55 of 2nd period - Stopped by Semyon Varlamov with a rebound.
6:57 of 2nd period - Slapshot by Nazem Kadri.
6:57 of 2nd period - Goal by Nazem Kadri - Coyotes : 3 - Avalanche : 2.
6:58 of 2nd period - Brad Richards wins face-off versus Paul Stastny in neutral zone.
7:13 of 2nd period - Slapshot by Pernell Karl Subban.
7:13 of 2nd period - Shot Blocked by Marian Gaborik.
7:30 of 2nd period - Slapshot by Maxim Talbot.
7:30 of 2nd period - Stopped by Semyon Varlamov without a rebound.
7:31 of 2nd period - Chris Drury wins face-off versus Martin Samuelsson in Avalanche zone.
8:11 of 2nd period - Wrist shot by Martin Samuelsson.
8:11 of 2nd period - Stopped by Semyon Varlamov without a rebound.
8:12 of 2nd period - Brad Richards wins face-off versus Paul Stastny in Avalanche zone.
8:13 of 2nd period - Slapshot by Marian Gaborik.
8:13 of 2nd period - Stopped by Semyon Varlamov without a rebound.
8:14 of 2nd period - Paul Stastny wins face-off versus Brad Richards in Avalanche zone.
8:47 of 2nd period - Wrist shot by Tyler Ennis.
8:47 of 2nd period - Goal by Tyler Ennis - Coyotes : 4 - Avalanche : 2.
8:48 of 2nd period - Paul Stastny wins face-off versus Brad Richards in neutral zone.
8:59 of 2nd period - Slapshot by Andrei Kostitsyn.
8:59 of 2nd period - Shot Misses the Net.
9:15 of 2nd period - Bryan Little is hit by Tyler Ennis and loses puck.
9:34 of 2nd period - Minor Penalty to Anton Stralman for Cross-checking.
9:35 of 2nd period - Brad Richards wins face-off versus Bryan Little in Coyotes zone.
9:48 of 2nd period - Wrist shot by Brad Richards.
9:48 of 2nd period - Stopped by Semyon Varlamov with a rebound.
9:57 of 2nd period - Icing by Mikkel Boedker.
9:58 of 2nd period - Brad Richards wins face-off versus Alexander Radulov in Avalanche zone.
10:26 of 2nd period - Off-side.
10:27 of 2nd period - Bryan Little wins face-off versus Zach Parise in neutral zone.
11:34 of 2nd period - Penalty to Anton Stralman is over, Anton Stralman is back on ice.
11:39 of 2nd period - Icing by Jarome Iginla.
11:40 of 2nd period - Kyle Turris wins face-off versus Jarome Iginla in Coyotes zone.
12:13 of 2nd period - Snap shot by Martin Samuelsson.
12:13 of 2nd period - Goal by Martin Samuelsson - Coyotes : 5 - Avalanche : 2.
12:14 of 2nd period - Brad Richards wins face-off versus Paul Stastny in neutral zone.
12:19 of 2nd period - Wrist shot by Brad Richards.
12:19 of 2nd period - Shot Misses the Net.
12:48 of 2nd period - Snap shot by Nazem Kadri.
12:48 of 2nd period - Stopped by Semyon Varlamov without a rebound.
12:49 of 2nd period - Corey Perry wins face-off versus Nazem Kadri in Avalanche zone.
13:05 of 2nd period - Off-side.
13:06 of 2nd period - Brad Richards wins face-off versus Paul Stastny in neutral zone.
13:06 of 2nd period - Brad Richards is hit by Pernell Karl Subban.
14:00 of 2nd period - Slapshot by Michael Del Zotto.
14:00 of 2nd period - Deflect By Mark Bell.
14:00 of 2nd period - Stopped by Semyon Varlamov without a rebound.
14:01 of 2nd period - Brad Richards wins face-off versus Bryan Little in Avalanche zone.
14:54 of 2nd period - Anton Stralman is hit by Chris Drury and loses puck.
15:17 of 2nd period - Slapshot by Chris Stewart.
15:17 of 2nd period - Stopped by Semyon Varlamov without a rebound.
15:18 of 2nd period - Bryan Little wins face-off versus Brad Richards in Avalanche zone.
15:33 of 2nd period - Snap shot by Mikkel Boedker.
15:33 of 2nd period - Shot Blocked by Zach Parise.
15:42 of 2nd period - Minor Penalty to Brad Richards for High sticking.
15:43 of 2nd period - Jarome Iginla wins face-off versus Bryan Little in Coyotes zone.
16:00 of 2nd period - Wrist shot by Bryan Little.
16:00 of 2nd period - Shot Misses the Net.
16:21 of 2nd period - Wrist shot by Andrei Kostitsyn.
16:21 of 2nd period - Stopped by Maxime Daigneault with a rebound.
17:42 of 2nd period - Penalty to Brad Richards is over, Brad Richards is back on ice.
17:58 of 2nd period - Kyle Turris is hit by Kristopher Letang and loses puck.
18:11 of 2nd period - Michael Del Zotto is hit by Jack Johnson and loses puck.
19:22 of 2nd period - Minor Penalty to Kyle Turris for Hooking.
19:23 of 2nd period - Andrew Ladd wins face-off versus Brad Richards in Avalanche zone.
19:36 of 2nd period - Wrist shot by Andrew Ladd.
19:36 of 2nd period - Stopped by Maxime Daigneault with a rebound.
Goals for this period are 3 for Coyotes vs 0 for Avalanche.
Shots for this period are 14 for Coyotes vs 9 for Avalanche.
3rd period
0:01 of 3rd period - Andrew Ladd wins face-off versus Marian Gaborik in neutral zone.
0:04 of 3rd period - Marian Gaborik is hit by Andrew Ladd and loses puck.
0:13 of 3rd period - Snap shot by Andrew Ladd.
0:13 of 3rd period - Shot Misses the Net.
1:22 of 3rd period - Penalty to Kyle Turris is over, Kyle Turris is back on ice.
1:27 of 3rd period - Off-side.
1:28 of 3rd period - Paul Stastny wins face-off versus Maxim Talbot in neutral zone.
1:31 of 3rd period - Wrist shot by Paul Stastny.
1:31 of 3rd period - Stopped by Maxime Daigneault with a rebound.
1:33 of 3rd period - Snap shot by Johnny Boychuk.
1:33 of 3rd period - Stopped by Maxime Daigneault without a rebound.
1:34 of 3rd period - Martin Samuelsson wins face-off versus Paul Stastny in Coyotes zone.
1:34 of 3rd period - Martin Samuelsson is hit by Dan Boyle.
1:40 of 3rd period - Snap shot by Martin Samuelsson.
1:40 of 3rd period - Deflect By Maxim Talbot.
1:40 of 3rd period - Shot Misses the Net.
1:40 of 3rd period - Puck is out of play.
1:41 of 3rd period - Brad Richards wins face-off versus Paul Stastny in Avalanche zone.
1:44 of 3rd period - Snap shot by Marian Gaborik.
1:44 of 3rd period - Stopped by Semyon Varlamov without a rebound.
1:45 of 3rd period - Brandon Yip wins face-off versus Brad Richards in Avalanche zone.
1:52 of 3rd period - Snap shot by Andrei Kostitsyn.
1:52 of 3rd period - Stopped by Maxime Daigneault without a rebound.
1:53 of 3rd period - Bryan Little wins face-off versus Brad Richards in Coyotes zone.
1:57 of 3rd period - Icing by Anton Stralman.
1:58 of 3rd period - Brad Richards wins face-off versus Bryan Little in Coyotes zone.
2:11 of 3rd period - Off-side.
2:12 of 3rd period - Nazem Kadri wins face-off versus Paul Stastny in neutral zone.
2:46 of 3rd period - Slapshot by Brad Richards.
2:46 of 3rd period - Stopped by Semyon Varlamov with a rebound.
2:48 of 3rd period - Slapshot by Zach Parise.
2:48 of 3rd period - Stopped by Semyon Varlamov without a rebound.
2:49 of 3rd period - Brad Richards wins face-off versus Bryan Little in Avalanche zone.
3:38 of 3rd period - Slapshot by Josh Gorges.
3:38 of 3rd period - Shot Misses the Net.
3:40 of 3rd period - Slapshot by Josh Gorges.
3:40 of 3rd period - Shot Blocked by Dan Boyle.
3:44 of 3rd period - Snap shot by Brooks Laich.
3:44 of 3rd period - Stopped by Semyon Varlamov without a rebound.
3:45 of 3rd period - Corey Perry wins face-off versus Brad Richards in Avalanche zone.
3:45 of 3rd period - Corey Perry is hit by Marian Gaborik.
3:53 of 3rd period - Snap shot by Bryan Little.
3:53 of 3rd period - Shot Misses the Net.
3:55 of 3rd period - Minor Penalty to Marian Gaborik for Holding.
3:56 of 3rd period - Brad Richards wins face-off versus Bryan Little in Coyotes zone.
5:55 of 3rd period - Penalty to Marian Gaborik is over, Marian Gaborik is back on ice.
6:06 of 3rd period - Pernell Karl Subban is hit by Tyler Ennis and loses puck.
6:13 of 3rd period - Tyler Ennis is hit by Kyle Turris and loses puck.
6:26 of 3rd period - Greg Zanon is hit by Dan Boyle and loses puck.
6:51 of 3rd period - Snap shot by Martin Samuelsson.
6:51 of 3rd period - Shot Blocked by Jay Bouwmeester.
7:11 of 3rd period - Jay Bouwmeester is hit by Marian Gaborik and loses puck.
7:39 of 3rd period - Michael Del Zotto is hit by Marc Staal and loses puck.
7:52 of 3rd period - Paul Stastny is hit by Kristopher Letang and loses puck.
7:59 of 3rd period - Paul Stastny is hit by Jarome Iginla and loses puck.
8:12 of 3rd period - Corey Perry is hit by Zach Parise and loses puck.
8:19 of 3rd period - Snap shot by Marian Gaborik.
8:19 of 3rd period - Deflect By Brad Richards.
8:19 of 3rd period - Shot Misses the Net.
8:19 of 3rd period - Puck is out of play.
8:20 of 3rd period - Kyle Turris wins face-off versus Brad Richards in Avalanche zone.
8:20 of 3rd period - Kyle Turris is hit by Michael Del Zotto.
8:44 of 3rd period - Chuck Kobasew is hit by Maxim Talbot and loses puck.
9:17 of 3rd period - Johnny Boychuk is hit by Tyler Ennis.
9:29 of 3rd period - Jack Johnson is hit by Brad Richards and loses puck.
9:56 of 3rd period - Snap shot by Andrei Kostitsyn.
9:56 of 3rd period - Stopped by Maxime Daigneault with a rebound.
9:58 of 3rd period - Snap shot by Paul Stastny.
9:58 of 3rd period - Stopped by Maxime Daigneault with a rebound.
10:10 of 3rd period - Pernell Karl Subban is hit by Greg Zanon.
10:29 of 3rd period - Icing by Pernell Karl Subban.
10:30 of 3rd period - Bryan Little wins face-off versus Nazem Kadri in Avalanche zone.
11:01 of 3rd period - Wrist shot by Tyler Ennis.
11:01 of 3rd period - Stopped by Semyon Varlamov with a rebound.
11:06 of 3rd period - Minor Penalty to Jay Bouwmeester for Roughing.
11:07 of 3rd period - Brad Richards wins face-off versus Chuck Kobasew in Avalanche zone.
13:06 of 3rd period - Penalty to Jay Bouwmeester is over, Jay Bouwmeester is back on ice.
13:11 of 3rd period - Jay Bouwmeester is hit by Chris Stewart and loses puck.
13:31 of 3rd period - Greg Zanon is hit by Ryan Smyth and loses puck.
13:48 of 3rd period - Enver Lisin is hit by Chris Drury and loses puck.
13:57 of 3rd period - Slapshot by Anton Stralman.
13:57 of 3rd period - Shot Misses the Net.
14:13 of 3rd period - Jay Bouwmeester is hit by Maxim Talbot.
14:17 of 3rd period - Enver Lisin is hit by Dan Boyle and loses puck.
14:22 of 3rd period - Wrist shot by Chris Drury.
14:22 of 3rd period - Stopped by Maxime Daigneault with a rebound.
14:24 of 3rd period - Wrist shot by Jay Bouwmeester.
14:24 of 3rd period - Stopped by Maxime Daigneault with a rebound.
14:30 of 3rd period - Anton Stralman is hit by Dan Boyle and loses puck.
14:51 of 3rd period - Michael Del Zotto is hit by Jay Bouwmeester.
15:07 of 3rd period - Greg Zanon is hit by Jack Johnson.
15:16 of 3rd period - Marc Staal is hit by Maxim Talbot and loses puck.
15:23 of 3rd period - Wrist shot by Maxim Talbot.
15:23 of 3rd period - Stopped by Semyon Varlamov without a rebound.
15:24 of 3rd period - Paul Stastny wins face-off versus Nazem Kadri in Avalanche zone.
15:51 of 3rd period - Josh Gorges is hit by Jack Johnson and loses puck.
16:20 of 3rd period - Slapshot by Michael Del Zotto.
16:20 of 3rd period - Stopped by Semyon Varlamov with a rebound.
17:19 of 3rd period - Wrist shot by Kyle Turris.
17:19 of 3rd period - Deflect By Andrew Ladd.
17:19 of 3rd period - Shot Blocked by Brad Richards.
17:19 of 3rd period - Puck is out of play.
17:20 of 3rd period - Nazem Kadri wins face-off versus Bryan Little in Coyotes zone.
19:06 of 3rd period - Dan Boyle is hit by Brad Richards and loses puck.
Goals for this period are 0 for Coyotes vs 0 for Avalanche.
Shots for this period are 7 for Coyotes vs 7 for Avalanche.
Back to the Top